 Dungeon Crawl Stone Soup version 0.29.1-13-g9f3cf754e1 (webtiles) character file.

Game seed: 2142567824597360743

75 croobank the Sneak (level 3, -3/31 HPs)
             Began as a Demigod Delver on Jan 24, 2023.
             Slain by Natasha (4 damage)
             ... on level 2 of the Dungeon.
             The game lasted 00:07:04 (2512 turns).

croobank the Sneak (Demigod Delver)                 Turns: 2512, Time: 00:07:05

Health: -3/31      AC:  3    Str: 13    XL:     3   Next: 88%
Magic:  3/7        EV: 12    Int: 16    God:
Gold:   0          SH:  0    Dex: 15    Spells: 1/4 levels left

rFire   . . .      SeeInvis .   l - +3 dagger (venom)
rCold   . . .      Faith    .   (no shield)
rNeg    . . .      Spirit   .   b - +0 leather armour
rPois   .          Reflect  .   (no helmet)
rElec   .          Harm     .   (no cloak)
rCorr   .          Rampage  .   (no gloves)
Will    .....                   (no boots)
Stlth   +++.......              (no amulet)
HPRegen 0.10/turn               (no ring)
MPRegen 0.10/turn               (no ring)

@: no status effects
A: high MP 1, forlorn, divine attributes
a: no special abilities


You were on level 2 of the Dungeon.
You visited 1 branch of the dungeon, and saw 6 of its levels.

You collected 82 gold pieces.
You spent 82 gold pieces at shops.

Inventory:

Hand Weapons
 a - a +0 short sword of venom
 f - a +3 short sword
 l - a +3 dagger of venom (weapon)
 o - a +2 spear of venom
Missiles
 p - 6 poisoned darts (quivered)
Armour
 b - a +0 leather armour (worn)
Wands
 g - a wand of digging (3)
Scrolls
 c - a scroll of fog
 d - 2 scrolls of magic mapping
 h - 2 scrolls of blinking
 i - a scroll of torment
 k - 3 scrolls of poison {unknown}
 m - 3 scrolls of identify {unknown}
 n - a scroll of fear
 q - a scroll of vulnerability {unknown}
Potions
 e - a potion of flight
 j - a potion of brilliance
 r - 2 potions of haste
 s - a potion of resistance {unknown}


   Skills:
 + Level 3.1 Fighting
 + Level 2.3 Short Blades
 + Level 2.3 Dodging
 + Level 4.8 Stealth
 + Level 1.0 Spellcasting
 * Level 0.7 Conjurations


You had one spell level left.
You knew the following spells:

 Your Spells              Type           Power      Damage    Failure   Level
a - Magic Dart            Conj           12%        1d3       22%         1
b - Searing Ray           Conj           6%         2d4       32%         2

Your spell library contained the following spells:

 Spells                   Type           Power      Damage    Failure   Level
 Tukima's Dance           Hex            0%         N/A       65%         3
 Fulminant Prism          Conj/Hex       1%         3d6       94%         4
 Passage of Golubria      Tloc           0%         N/A       96%         4
 Yara's Violent Unravell  Hex/Tmut       0%         3d3       100%        5


Dungeon Overview and Level Annotations

Branches:
Dungeon (6/15)
 Temple: D:4-7

Shops:
D:1 ?

Annotations:
D:2 Natasha
D:4 Menkaure
D:6 Prince Ribbit


Innate Abilities, Weirdness & Mutations

You have an increased reservoir of magic. (+10% MP)
You shall have no god before yourself.
Your divine heritage dramatically boosts your attributes as you level up.


Message History

The endoplasm is severely wounded.
The endoplasm misses you.
You hit the endoplasm.
You kill the endoplasm!
Found a leather armour.
s - a cyan potion Natasha, Servant of Life and Death comes into view.
Natasha hisses angrily.
Natasha casts a spell at you. The magic dart hits you.
Natasha drinks a potion.
Natasha's spells are empowered!
You barely miss Natasha. Natasha claws you.
You closely miss Natasha. Natasha casts a spell at you.
The magic dart hits you.
Casting: Magic Dart (safe; 22% risk of failure)
Confirm with . or Enter, or press ? or * to list all spells.
Aiming: Magic Dart (safe; 22% risk of failure)
Press: ? - help, Shift-Dir - straight line, f - Natasha
Aim: Natasha (spells empowered, 100% to hit)
The magic dart hits Natasha.
Natasha is lightly wounded.
Natasha stares at you and mumbles some strange words.
The magic dart hits you!
* * * LOW HITPOINT WARNING * * *
Casting: Magic Dart (safe; 22% risk of failure)
Confirm with . or Enter, or press ? or * to list all spells.
Aiming: Searing Ray (quite dangerous; 32% risk of failure)
Press: ? - help, Shift-Dir - straight line, f/p - Natasha
Aim: Natasha (lightly wounded, spells empowered, 67% to hit)
The searing ray hits Natasha!
Natasha is heavily wounded. (Press . to maintain the ray.) Natasha casts a spell at you.
The magic dart hits you!
* * * LOW HITPOINT WARNING * * *
The searing ray hits Natasha.
Natasha is almost dead.
Natasha claws you.
You die...

### ..# #.# #.#
############## #.#
#.....@h.....##########
##.###.##########.##........
#....................#######
#........#.######.#.........
#..####..# #†#########. #..#
#..#.######.########## #..#
#...............#≈.... #.##
#.#####.#.#######≈....
#..####............# #≈....


You could see Natasha (empowered).

Vanquished Creatures
  3 adders (D:2)
  A worm (D:2)
  A dart slug (D:1)
  4 ball pythons
  3 endoplasms
  2 giant cockroaches
  6 goblins
  2 hobgoblins (D:2)
  3 jackals (D:1)
  7 kobolds
  2 quokkas
  2 bats
  2 frilled lizards (D:1)
  4 rats
42 creatures vanquished.

Notes
Turn   | Place    | Note
-------+----------+-------------------------------------------
     0 | D:5      | croobank the Demigod Delver began the quest for the Orb.
     0 | D:5      | Reached XP level 1. HP: 18/18 MP: 3/3
    11 | D:6      | Noticed Prince Ribbit
    20 | D:6      | Noticed a necrophage
    39 | D:5      | Noticed a black bear
   195 | D:4      | Noticed a phantom
   195 | D:4      | Noticed a bullfrog
   196 | D:4      | Noticed Menkaure
   466 | D:2      | Reached XP level 2. HP: 4/25 MP: 5/5
   945 | D:1      | Reached XP level 3. HP: 23/31 MP: 6/6
  1103 | D:1      | Learned a level 1 spell: Magic Dart
  1374 | D:1      | Found Oluxkubb's Magic Scroll Shoppe.
  1434 | D:1      | Learned a level 2 spell: Searing Ray
  1448 | D:1      | Bought a scroll of blinking for 82 gold pieces
  1848 | D:1      | Reached skill level 1 in Spellcasting
  2502 | D:2      | Noticed Natasha
  2511 | D:2      | HP: 1/31 [Natasha/magic dart (8)]
  2512 | D:2      | Slain by Natasha

Illustrated notes

Levels and vault maps discovered:
D:1:      dpeg_arrival_fog, layout_loops_ring, serial_shops,
          nicolae_diamond_shop
D:2:      layout_loops_ring, chequers_serial_rivers_room_a, minmay_tromino_i2,
          uniq_natasha, uniq_crazy_yiuf_cottage
D:3:      layout_basic, led_xom_imps, hangedman_decor_clover_reticule,
          reono_crystal_passage, uniq_sigmund
D:4:      layout_rooms, grunt_decor_fettered, uniq_menkaure
D:5:      layout_gridville, fedhas_altar_3, minmay_misc_feat_nine_boxes,
          minmay_misc_feat_tower, uniq_edmund
D:6:      layout_basic, uniq_prince_ribbit1

Skill      XL: |  1  2  3 |
---------------+----------+-----
Short Blades   | 2 |  2.3
Dodging        | 2 |  2.3
Fighting       | 3 |  3.1
Spellcasting   | 1 |  1.0
Stealth        | |  4.8
Conjurations   | |  0.7

Action                   || total
-------------------------++-------
Melee: Short sword       ||    32
       Dagger            ||    72
 Cast: Magic Dart        ||     8
       Searing Ray       ||     1
  Use: Potion            ||     4
       Scroll            ||     5
 Stab: Sleeping          ||     8
Armor: Skin              ||     9
       Leather armour    ||    19
Dodge: Dodged            ||    56
